 Dungeon Crawl Stone Soup version 0.29.0-4-gdea44cf6ec (webtiles) character file.

Game seed: 2074786406169127129

39 qw the Chopper (level 3, -1/21 HPs)
             Began as a Tengu Warper on Aug 28, 2022.
             Slain by an orc priest
             ... wielding a +0 mace
              (6 damage)
             ... on level 2 of the Dungeon.
             The game lasted 00:00:07 (769 turns).

qw the Chopper (Tengu Warper)                        Turns: 769, Time: 00:00:07

Health: -1/21      AC:  5    Str: 13    XL:     3   Next: 47%
Magic:  7/7        EV: 11    Int: 13    God:
Gold:   1          SH:  0    Dex: 13    Spells: 6/6 levels left

rFire   . . .      SeeInvis .   Y - +0 hand axe
rCold   . . .      Faith    .   (no shield)
rNeg    . . .      Spirit   .   i - +0 ring mail
rPois   .          Reflect  .   (helmet restricted)
rElec   .          Harm     .   (no cloak)
rCorr   .          Rampage  .   (no gloves)
Will    .....                   (boots unavailable)
Stlth   +.........              (no amulet)
HPRegen 0.07/turn               (no ring)
MPRegen 0.10/turn               (no ring)

@: no status effects
A: beak, talons 3
a: no special abilities


You were on level 2 of the Dungeon.
You visited 1 branch of the dungeon, and saw 2 of its levels.

You collected 1 gold pieces.


Innate Abilities, Weirdness & Mutations

You have a beak for a mouth.
You have claws for feet.


   Skills:
 - Level 2.0 Fighting
 + Level 4.2 Axes
 - Level 1.0 Throwing
 - Level 1.1 Armour
 - Level 2.1 Dodging
 - Level 2.0 Spellcasting
 - Level 2.4 Translocations


You had 6 spell levels left.
You didn't know any spells.
Your spell library contained the following spells:

 Spells                   Type           Power      Damage    Failure   Level
 Blink                    Tloc           14%        N/A       30%         2
 Gell's Gravitas          Tloc           7%         N/A       52%         3
 Lesser Beckoning         Tloc           7%         N/A       52%         3
 Teleport Other           Tloc           7%         N/A       52%         3
 Manifold Assault         Tloc           7%         N/A       99%         5

Inventory:

Hand Weapons
 g - a +0 club
 Y - a +0 hand axe (weapon)
Armour
 i - a +0 ring mail (worn)
Potions
 a - a potion of heal wounds {unknown}
 d - a potion of lignification {unknown}
 f - a potion of flight {unknown}

Dungeon Overview and Level Annotations

Branches:
Dungeon (2/15)

Altars:


Message History

The kobold is moderately wounded.
The kobold hits you but does no damage.
You barely miss the kobold. You claw the kobold.
You kill the kobold!
a - a smoky golden potion You open the door.
There is an open door here.
A rat comes into view.
You hit the rat.
You kill the rat!
An orc priest and an orc come into view.
The orc priest shouts!
The orc shouts!
An orc comes into view. It is wielding a +0 mace.
Found a book of Conjurations.
An orc comes into view. It is wielding a +0 club.
A worm comes into view.
An orc comes into view. It is wielding a +0 club.
The orc shouts! x2
The orc misses you. The orc priest hits you with a +0 mace.
You closely miss the orc priest. You peck the orc priest.
The orc priest is lightly wounded.
You hit the orc. The orc closely misses you.
You slash the orc!
You kill the orc!
You barely miss the orc priest. You hit the orc.
The orc priest miscasts a cantrip.
The orc hits you but does no damage.
You barely miss the orc priest. Your peck misses the orc priest.
The orc priest is lightly wounded.
You barely miss the worm. You hit the orc but do no damage.
You barely miss the orc. The orc priest hits you with a +0 mace.
The orc barely misses you. The orc closely misses you. The worm bites you!
You hit the orc priest. You claw the orc priest.
The orc priest is moderately wounded.
You barely miss the worm. You hit the orc but do no damage. x2
A rat comes into view.
The orc priest hits you with a +0 mace.
You die...

..#..# ..#..# #+###
..#..# .# ....##. ..#..#
.# ....... ..#..# .#
....... ..#..#
.########....:..
..#..###.##.. .........
.........##.####owo.....
..#.....###.#...@o......
..).....'.....#..o......
.##.....###.###.........
.##.....# #.# ...#+##...
.##.....# #.#.#... ..
.##.....# #.#r#.... .
........# #.# #....#
##......# #.# #....#
#......# #.#


You could see a worm, an orc priest, 3 orcs and a rat (wandering).

Vanquished Creatures
  An orc (D:2)
  5 ball pythons (D:1)
  3 bats (D:1)
  5 endoplasms
  A giant cockroach (D:1)
  5 goblins (D:1)
  A hobgoblin (D:1)
  4 jackals (D:1)
  2 kobolds
  3 frilled lizards (D:1)
  4 rats
34 creatures vanquished.

Notes
Turn   | Place    | Note
-------+----------+-------------------------------------------
     0 | D:1      | qw the Tengu Warper began the quest for the Orb.
     0 | D:1      | Reached XP level 1. HP: 12/12 MP: 4/4
     0 | D:1      | 0 ||| qw: Version: 0.1-a-89-g26bdef1
     0 | D:1      | 0 ||| qw: Game counter: 208
     0 | D:1      | 0 ||| qw: Always use a shield: true
     0 | D:1      | 0 ||| qw: God list: Okawaru
     0 | D:1      | 0 ||| qw: Allow faded altars: false
     0 | D:1      | 0 ||| qw: Do Orc after D:15 true
     0 | D:1      | 0 ||| qw: Do second Lair branch before Depths: true
     0 | D:1      | 0 ||| qw: Lair rune preference: random
     0 | D:1      | 0 ||| qw: Plans: Normal
     0 | D:1      | 0 ||| PLANNING D:1-11
    49 | D:1      | 49 ||| Stepping ~*~*~tactically~*~*~ (stealth).
    56 | D:1      | Reached XP level 2. HP: 14/17 MP: 6/6
    58 | D:1      | Reached skill level 3 in Axes
   174 | D:1      | 174 ||| Stepping ~*~*~tactically~*~*~ (stealth).
   422 | D:1      | 422 ||| Stepping ~*~*~tactically~*~*~ (stealth).
   429 | D:1      | Reached XP level 3. HP: 19/21 MP: 7/7
   544 | D:1      | Reached skill level 4 in Axes
   683 | D:1      | 683 ||| Stepping ~*~*~tactically~*~*~ (stealth).
   684 | D:1      | 684 ||| Stepping ~*~*~tactically~*~*~ (stealth).
   702 | D:1      | 702 ||| UPGRADING to +0 ring mail.
   712 | D:1      | 712 ||| DROPPING +0 leather armour.
   713 | D:1      | 713 ||| READING scroll labelled ZIOS BAZOELLUI.
   714 | D:1      | 714 ||| READING scroll labelled VEUH QIG NUN.
   715 | D:1      | 715 ||| DROPPING scroll of blinking.
   768 | D:2      | HP: 5/21 [worm (9)]
   769 | D:2      | Slain by an orc priest

Levels and vault maps discovered:
D:1:      nicolae_arrival_memento_mori, layout_rooms
D:2:      layout_basic, grunt_ministairs_11, minmay_divided_ellipse

Skill      XL: |  1  2  3 |
---------------+----------+-----
Axes           | 3 4 |  4.2
Fighting       | |  2.0
Throwing       | |  1.0
Armour         | |  1.1
Dodging        | |  2.1
Spellcasting   | |  2.0
Translocations | |  2.4

Action                   || total
-------------------------++-------
Melee: Hand axe          ||    60
       Kick              ||    17
       Peck              ||    10
Throw: Boomerang         ||     7
  Use: Scroll            ||     2
Armor: Leather armour    ||     7
       Ring mail         ||     4
Dodge: Dodged            ||    25

Table legend:
 A = Non-vault XP
 B = Vault XP
 C = Vault XP percentage of total XP
 D = Non-vault monster count
 E = Vault monster count
 F = Vault count percentage of total count
                 A         B        C        D         E       F
            +---------+---------+-------+---------+---------+-------
      Total |      57 |       0 |   0.0 |      34 |       0 |   0.0
            +---------+---------+-------+---------+---------+-------
        D:1 |      50 |       0 |   0.0 |      30 |       0 |   0.0
        D:2 |       7 |       0 |   0.0 |       4 |       0 |   0.0
            +---------+---------+-------+---------+---------+-------
